 Seeded DCSS version 0.27.1-2-g3b301248ec (webtiles) character file.

Game seed: 7426830541953860902 (custom seed)

1 donath the Skirmisher (level 1, -1/16 HPs)
             Began as an Octopode Abyssal Knight on Sept 27, 2021.
             Was an Initiate of Lugonu.
             Slain by a jackal (3 damage)
             ... on level 1 of the Dungeon.
             The game lasted 00:01:44 (293 turns).

donath the Skirmisher (Octopode Abyssal Knight)      Turns: 293, Time: 00:01:45

Health: -1/16      AC:  1    Str: 11    XL:     1   Next: 20%
Magic:  2/2        EV: 13    Int: 14    God:    Lugonu [......]
Gold:   0          SH:  0    Dex: 11    Spells: 0/0 levels left

rFire    . . .     SeeInvis .     - Unarmed
rCold    . . .     Faith    .   (no shield)
rNeg     . . .     Spirit   .   (helmet restricted)
rPois    .         Reflect  .   (no amulet)
rElec    .         Harm     .   (no ring)
rCorr    .         Rampage  .   (no ring)
Will     .....                  (no ring)
Stlth    ++........             (no ring)
HPRegen  0.05/turn              (no ring)
MPRegen  0.08/turn              (no ring)
                                (no ring)
                                (no ring)

@: no status effects
A: almost no armour, amphibious, 8 rings, camouflage 1, gelatinous body 1,
(nimble swimmer 1), tentacles
a: Renounce Religion


You were on level 1 of the Dungeon.
You worshipped Lugonu.
Lugonu was noncommittal.
You visited 1 branch of the dungeon, and saw 1 of its levels.
You visited the Abyss 1 time.

You aren't carrying anything.


   Skills:
 - Level 3.0 Fighting
 + Level 2.3 Dodging
 - Level 2.0 Unarmed Combat
 * Level 0.3 Spellcasting
 - Level 2.0 Invocations


You couldn't memorise any spells.
You didn't know any spells.
Your spell library contained the following spells:

 Spells                   Type           Power      Damage    Failure   Level
 Freeze                   Ice            0%         1d3       28%         1
 Frozen Ramparts          Ice            0%         1d2       65%         3
 Hailstorm                Conj/Ice       0%         3d3       96%         4


Dungeon Overview and Level Annotations

Branches:
Dungeon (1/15)

Altars:


Innate Abilities, Weirdness & Mutations

You cannot wear most types of armour.
You are amphibious.
You can wear up to eight rings at the same time.
Your skin changes colour to match your surroundings (Stealth+).
Your rubbery body absorbs attacks. (AC +1, EV +1)
((You are camouflaged near water. (Stealth+)))
You have tentacles for arms and can constrict up to eight enemies at once.


Message History

Magic restored.
You start resting.
HP restored.
A jackal comes into view.
A jackal is nearby!
A jackal comes into view.
The jackal barks!
A jackal comes into view.
You barely miss the jackal. Your grab misses the jackal.
Your squeeze misses the jackal. The jackal barely misses you.
You closely miss the jackal. Your grab misses the jackal.
Your squeeze misses the jackal. The jackal bites you.
You tentacle-slap the jackal but do no damage.
You grab the jackal.
You constrict the jackal, but do no damage.
The jackal bites you.
A jackal comes into view.
The jackal escapes!
The jackal barks!
You tentacle-slap the jackal. Your grab misses the jackal.
Your squeeze misses the jackal.
The jackal is almost dead.
The jackal closely misses you. The jackal bites you. The jackal bites you.
You tentacle-slap the jackal.
You kill the jackal!
Lugonu accepts your kill.
You closely miss the jackal. Your grab misses the jackal.
You squeeze the jackal.
The jackal is severely wounded.
You closely miss the jackal. Your grab misses the jackal.
Your squeeze misses the jackal.
The jackal is severely wounded.
The jackal bites you. The jackal closely misses you. The jackal bites you.
You barely miss the jackal. You grab the jackal.
The jackal is severely wounded.
You constrict the jackal. The jackal bites you.
* * * LOW HITPOINT WARNING * * *
The jackal bites you.
You die...

#.##....#..
#...#....## .
###.#.......#... #
..#..#...#.....
##.###
#.#...#..##.## #.
...# ##.#...#......
#.###..##.##......#
#..###.#.#hh#...#..#
##.#.###.##@#.#..#
#.##...#.#..#...#.h#
#..##.#.##..##.##
.... ###..#..#.#..
.. .#. #..##..##.##.
.#. # #<#..#...# ##
..# ########## # #


You could see 2 jackals.

Vanquished Creatures
  A jackal (D:1)
1 creature vanquished.

Notes
Turn   | Place    | Note
-------+----------+-------------------------------------------
     0 | Abyss:1  | donath the Octopode Abyssal Knight began the quest for the
                  | Orb.
     0 | Abyss:1  | Reached XP level 1. HP: 16/16 MP: 2/2
    22 | Abyss:1  | Found a sacrificial altar of Ru.
    53 | Abyss:1  | Noticed a small abomination
    55 | Abyss:1  | Noticed an air elemental
    61 | D:1      | Escaped the Abyss
   293 | D:1      | Slain by a jackal

Illustrated notes

Levels and vault maps discovered:
D:1:      erik_arrival_cave_to_civilisation [erik_arrival_cave_to_temple],
          layout_basic, basic_ecumenical_altar, st_stairs_10

Action                   || total
-------------------------++-------
Melee: Unarmed           ||     8
       Constrict         ||     2
       Tentacles         ||     1
Invok: Depart the Abyss  ||     1
Dodge: Dodged            ||     6
